 Dungeon Crawl Stone Soup version 0.29-a0-613-gf2c431b9b9 (webtiles) character file.

Game seed: 15914843734026331975

27 emperorscorpion the Chopper (level 3, -1/33 HPs)
             Began as a Meteoran Berserker on June 16, 2022.
             Was a Follower of Trog.
             Slain by an adder (3 damage)
             ... on level 2 of the Dungeon.
             The game lasted 00:01:40 (148 turns).

emperorscorpion the Chopper (Meteoran Berserker)     Turns: 148, Time: 00:01:41

Health: -1/33      AC:  2    Str: 18    XL:     3   Next: 44%
Magic:  4/4        EV: 12    Int:  9    God:    Trog [*.....]
Gold:   18         SH:  0    Dex: 15    Spells: 2/2 levels left

rFire   . . .      SeeInvis .   a - +0 hand axe
rCold   . . .      Faith    .   (no shield)
rNeg    . . .      Spirit   .   f - +0 animal skin
rPois   .          Reflect  .   (no helmet)
rElec   .          Harm     .   (no cloak)
rCorr   .          Rampage  .   (no gloves)
Will    .....                   (no boots)
Stlth   +.........              (no amulet)
HPRegen 0.11/turn               (no ring)
MPRegen 0.09/turn               (no ring)

@: lethally poisoned (-1 -> -5), on berserk cooldown, slowed, glowing, very slow
A: sense surroundings 1, otherworldly, glowing, explore regen
a: Renounce Religion, Berserk


You were on level 2 of the Dungeon.
You worshipped Trog.
Trog was aware of your devotion.
You visited 1 branch of the dungeon, and saw 2 of its levels.

You collected 18 gold pieces.

Inventory:

Hand Weapons
 a - a +0 hand axe (weapon)
 b - a +0 hunting sling
Missiles
 c - 6 curare-tipped darts (quivered)
 d - 3 boomerangs
Armour
 f - a +0 animal skin (worn)
Scrolls
 e - a scroll of fear {unknown}


   Skills:
 + Level 3.8 Fighting
 + Level 4.3 Axes
 + Level 2.5 Armour
 + Level 2.6 Dodging


You had 2 spell levels left.
You didn't know any spells.
Your spell library was empty.

Dungeon Overview and Level Annotations

Branches:
Dungeon (2/15) Zot: 1043

Altars:


Innate Abilities, Weirdness & Mutations

You passively map a small area around you.
You are easily found by Zot.
You glow in the dark.
You regain HP and MP as you explore.


Message History

The adder bites you.
You are more poisoned.
The adder poisons you! The adder barely misses you.
The adder bites you but does no damage. The adder closely misses you.
You barely miss the adder.
The adder is heavily wounded.
You completely miss the adder.
You feel very sick. The bat hits you.
* * * LOW HITPOINT WARNING * * *
The adder bites you but does no damage. x2; The adder barely misses you.
The adder bites you.
* * * LOW HITPOINT WARNING * * *
The bat closely misses you. The adder bites you but does no damage.
You aren't carrying any potions.
You barely miss the adder.
The adder is heavily wounded.
You hit the adder.
You kill the adder!
Trog accepts your kill.
You closely miss the bat.
You feel sick. The bat closely misses you. The bat hits you but does no damage.
The adder closely misses you. x2
Unknown command.
Unknown command.
You barely miss the adder.
The adder is heavily wounded.
You feel sick. The bat hits you.
* * * LOW HITPOINT WARNING * * *
The adder bites you.
* * * LOW HITPOINT WARNING * * *
You are lethally poisoned!
The adder poisons you! The adder closely misses you.
You barely miss the adder.
The adder is heavily wounded.
You hit the bat.
You kill the bat!
Trog accepts your kill.
* * * LOW HITPOINT WARNING * * *
You feel sick. The adder barely misses you. The adder bites you.
You die...

, , * , , ,
(....... ..# ,
,.......# ...##,
......## ...8# ,
,......##...# , ,
, #..>......+ , ,
, #!........#, , ,
, #.........# *
,,,#..@......#, *
,, ##..S......# ,
#...........#, *
#...........#* *
#...........#
...#........... ,,
..................
,,
......######......
, ##.... ......


You could see an adder.

Vanquished Creatures
  2 adders (D:2)
  2 ball pythons (D:1)
  A giant cockroach (D:1)
  2 goblins (D:1)
  A hobgoblin (D:2)
  A quokka (D:2)
  A bat (D:2)
10 creatures vanquished.

Notes
Turn   | Place    | Note
-------+----------+-------------------------------------------
     0 | D:1      | emperorscorpion the Meteoran Berserker began the quest for
                  | the Orb.
     0 | D:1      | Reached XP level 1. HP: 19/19 MP: 2/2
    80 | D:1      | Reached XP level 2. HP: 26/26 MP: 3/3
   108 | D:2      | Reached skill level 4 in Axes
   134 | D:2      | Reached XP level 3. HP: 33/33 MP: 4/4
   148 | D:2      | Slain by an adder

Illustrated notes

Levels and vault maps discovered:
D:1:      dpeg_arrival_round_a, layout_basic
D:2:      layout_basic, hellmonk_ecumenical_altar_heavens_door,
          serial_corexii_hall, corexii_hall_statues_t, corexii_hall_statues_l

Skill      XL: |  1  2 |
---------------+-------+-----
Axes           | 4 |  4.3
Fighting       | |  3.8
Armour         | |  2.5
Dodging        | |  2.6

Action                   || total
-------------------------++-------
Melee: Hand axe          ||    32
       Punch             ||     1
 Fire: Hunting sling     ||     2
Invok: Berserk           ||     1
Armor: Animal skin       ||    18
Dodge: Dodged            ||    32

Table legend: (Time is in decaauts)
 A = Elapsed time spent in this place.
 B = Non-inter-level travel time spent in this place.
 C = Inter-level travel time spent in this place.
 D = Time resting spent in this place.
 E = Time spent auto-exploring this place.
 F = Levels seen in this place.
 G = Mean time per level.
                   A        B        C        D        E       F      G
               +--------+--------+--------+--------+--------+-----+--------+
         Total |    154 |    130 |     24 |      0 |     10 |   2 |   77.0 |
       Dungeon |    154 |    130 |     24 |      0 |     10 |   2 |   77.0 |
               +--------+--------+--------+--------+--------+-----+--------+

Top non-repeatable levels by time:
     D:1: 102 daAuts
     D:2: 52 daAuts
